Workbook

Sheet EVALUACION JURIDICA
A1: INFORME DE EVALUACIÓN PRELIMINAR SELECCIÓN ABREVIADA DE MENOR CUANTIA FDLSSAMC-3-2024(118320) OBJETO: CONTRATAR EL SERVICIO DE CATERING Y REFRIGERIOS PARA LOS EVENTOS DE APOYO Y ACTIVIDADES MISIONALES QUE REQUIERA LA LOCALIDAD DE SUBA, DANDO CUMPLIMIENTO AL PLAN DE DESARROLLO LOCAL.
B2: NÚMERO PROPONENTE | C2: 1 | D2: 2 | E2: 3 | F2: 4 | G2: 5 | H2: 6 | I2: 7 | J2: 8 | K2: 9
A3: Literal | B3: NOMBRE PROPONENTE | C3: SOLUCIONES METALICAS EN ALMACENAMIENTO SAS | D3: EDITH NATALIA VASCO GALLEGO - ARCHIMUEBLES | E3: GRUPO EMPRESARIAL SACSU SAS | F3: COMPAÑIA MAYFER SB SAS | G3: C.I. WARRIORS COMPANY S.A.S | H3: GRUPO CAF TECNOLOGIA S.A.S | I3: INTEGRA DE COLOMBIA SAS | J3: COMERCIALIZADORA E&T SAS | K3: GLORIA ELIZABETH OSORIO BENAVIDES
B4: INTEGRANTES
B5: NIT | C5: 901.190.689-6 | E5: 901.362.156-1 | F5: 901114836-9 | G5: 900.916.649-6 | H5: 901.238.371-9 | I5: 901.341.884-5 | J5: 901.142.692-4 | K5: 51937871
B6: REPRESENTANTE LEGAL | C6: LUISA FERNANDA SEPÚLVEDA CAPERA | D6: EDITH NATALIA VASCO GALLEGO | E6: HERNÁN EDUARDO BERMÚDEZ MENDIETA | F6: DARVINSON CAMACHO PORRAS | G6: ROBERT HENRY HOME BERNAL | H6: CARLOS ANDRÉS FONTALVO SALAS | I6: CLAUDIA PATRICIA FRANCO ALGECIRA | J6: Nohora Elizabeth Barreto Torres
B7: C.C. | C7: 1026554855 | D7: 1024555836 | E7: 80192069 | F7: 80004595 | G7: 79510160 | H7: 1067722154 | I7: 52447554 | J7: 52792654
B8: LOTE AL QUE SE PRESENTA | C8: LOTE 1 | D8: LOTE 1 | E8: LOTE 1 | F8: LOTES 1 Y 2 | G8: LOTES 1 Y 2 | H8: LOTES 1 Y 2 | I8: LOTES 1 Y 2 | J8: LOTE 2 | K8: LOTE 1
A9: A | B9: El proponente deberá acreditar la Carta de Presentación de la propuesta; debidamente diligenciada y suscrita por el representante del proponente, indicando su nombre y documento de identidad, en el formato publicado. | C9: CUMPLE Aporta carta de presentación de la oferta suscrita por LUISA FERNANDA SEPULVEDA CAPERA, identificada con documento 1.026.554.855, en su condición de representante legal. | D9: CUMPLE Aporta carta de presentación de la oferta suscrita por EDITH NATALIA VASCO GALLEGO, identificada con documento 1.024.555.836, actuando en nombre propio. | E9: CUMPLE Aporta carta de presentación de la oferta suscrita por HERNÁN EDUARDO BERMÚDEZ MENDIETA, identificado con documento 80.192.069, actuando en su condición de representante legal. | F9: CUMPLE Aporta carta de presentación de la oferta suscrita por DARVINSON CAMACHO PORRAS, identificado con documento 80.004.595, actuando en su condición de representante legal. | G9: CUMPLE Aporta carta de presentación de la oferta suscrita por ROBERT HENRY HOME BERNAL, identificado con documento 79.510.160, actuando en su condición de representante legal. | H9: NO CUMPLE Aporta carta de presentación de la oferta suscrita por CARLOS ANDRÉS FONTALVO SALAS, identificado con documento 1067722154, actuando en su condición de representante legal. *No informa el tiempo de validez de la oferta. | I9: CUMPLE Aporta carta de presentación de la oferta suscrita por CLAUDIA PATRICIA FRANCO ALGECIRA, identificada con documento 52447554, actuando en su condición de representante legal. | J9: CUMPLE Aporta carta de presentación de la oferta suscrita por Nohora Elizabeth Barreto Torres, identificada con documento 52792654, actuando en su condición de representante legal. | K9: NO CUMPLE *No aporta carta de presentación de la propuesta
B10: Garantía de seriedad de la propuesta, por el 10% del presupuesto: LOTE 1: $14.183.333 LOTE 2: $2.824.198 LOTES 1 Y 2: $17.007.532 Vigencia minima: 10/12/2024 al 9/03/2025 Beneficiario: FONDO DE DESARROLLO LOCAL DE SUBA NIT: 899.999.061 | C10: CUMPLE NUMERO DE POLIZA: 11-44-101242957 FECHA DE EXPEDICION: 6 de diciembre 2024 FECHA DE VIGENCIA DESDE: 10 de diciembre 2024 HASTA: 15 de marzo 2025 VALOR : $14,183,333.70 ASEGURADORA: SEGUROS DEL ESTADO S.A. | D10: CUMPLE NUMERO DE POLIZA: 11-44-101242944 FECHA DE EXPEDICION: 6 de diciembre 2024 FECHA DE VIGENCIA DESDE: 10 de diciembre 2024 HASTA: 15 de marzo 2025 VALOR : $14,183,333.70 ASEGURADORA: SEGUROS DEL ESTADO S.A. | E10: CUMPLE NUMERO DE POLIZA: 11 44 101243104 FECHA DE EXPEDICION: 9 de diciembre 2024 FECHA DE VIGENCIA DESDE: 10 de diciembre 2024 HASTA: 25 de marzo 2025 VALOR : $14,183,333.70 ASEGURADORA: SEGUROS DEL ESTADO S.A. | F10: CUMPLE NUMERO DE POLIZA: 14-44-101225674 FECHA DE EXPEDICION: 9 de diciembre 2024 FECHA DE VIGENCIA DESDE: 10 de diciembre 2024 HASTA: 15 de marzo 2025 VALOR : $17.007.532 ASEGURADORA: SEGUROS DEL ESTADO S.A. | G10: CUMPLE NUMERO DE POLIZA: NB-100360727 FECHA DE EXPEDICION: 9 de diciembre 2024 FECHA DE VIGENCIA DESDE: 10 de diciembre 2024 HASTA: 20 de abril 2025 VALOR : $17.007.533 ASEGURADORA: COMPAÑÍA MUNDIAL DE SEGUROS S.A. | H10: NO CUMPLE NUMERO DE POLIZA: 21-44-101458974 FECHA DE EXPEDICION: 10 de diciembre 2024 FECHA DE VIGENCIA DESDE: 10 de diciembre 2024 HASTA: 31 de marzo 2025 VALOR : $17.007.532 ASEGURADORA: SEGUROS DEL ESTADO S.A. *No se evidencian los amparos solicitados | I10: CUMPLE NUMERO DE POLIZA: NB-100360801 FECHA DE EXPEDICION: 10 de diciembre 2024 FECHA DE VIGENCIA DESDE: 10 de diciembre 2024 HASTA: 20 de marzo 2025 VALOR : $17.007.532 ASEGURADORA: COMPAÑÍA MUNDIAL DE SEGUROS S.A. | J10: CUMPLE NUMERO DE POLIZA: 14-44-101225744 FECHA DE EXPEDICION: 9 de diciembre 2024 FECHA DE VIGENCIA DESDE: 10 de diciembre 2024 HASTA: 5 de abril 2025 VALOR : $2.824.195 ASEGURADORA: SEGUROS DEL ESTADO S.A. | K10: CUMPLE NUMERO DE POLIZA: 14-44-101225759 FECHA DE EXPEDICION: 10 de diciembre 2024 FECHA DE VIGENCIA DESDE: 10 de diciembre 2024 HASTA: 10 de abril 2025 VALOR : $14.183.333 ASEGURADORA: SEGUROS DEL ESTADO S.A.
A11: B | B11: Certificado de Existencia y Representación Legal o Equivalente fecha de expedición no mayor a treinta (30) días calendario anterior a la fecha del cierre del proceso (9/11/2024) | C11: CUMPLE Fecha de expedición: 3 de noviembre de 2024 Fecha de renovación: 1 de abril de 2024 Codigo de verificación: B2475180294E75 | D11: CUMPLE Fecha de expedición: 9 de noviembre de 2024 Fecha de renovación: 31 de enero de 2024 Codigo de verificación: B2469323494CC2 | E11: CUMPLE Fecha de expedición: 2 de diciembre de 2024 Fecha de renovación: 13 de marzo de 2024 Codigo de verificación: B24783604E2904 | F11: CUMPLE Fecha de expedición: 2 de diciembre de 2024 Fecha de renovación: 7 de marzo de 2024 Codigo de verificación: B2478826830D8A | G11: CUMPLE Fecha de expedición: 12 de noviembre de 2024 Fecha de renovación: 2 de abril de 2024 Codigo de verificación: B24695754BCCC9 | H11: CUMPLE Fecha de expedición: 20 de noviembre de 2024 Fecha de renovación: 23 de marzo de 2024 Codigo de verificación: B2473993954688 | I11: CUMPLE Fecha de expedición: 28 de noviembre de 2024 Fecha de renovación: 26 de febrero de 2024 Codigo de verificación: B24776495AAEDF | J11: CUMPLE Fecha de expedición: 28 de noviembre de 2024 Fecha de renovación: 31 de enero de 2024 Codigo de verificación: B2477327356F6F | K11: CUMPLE Fecha de expedición: 2 de diciembre de 2024 Fecha de renovación: 11 de marzo de 2024 Codigo de verificación: B24787680636FF
B12: Domicilio principal en el Departamento de Cundinamarca | C12: CUMPLE Domicilio principal: Bogotá D.C. | D12: CUMPLE Domicilio principal: Bogotá D.C. | E12: CUMPLE Domicilio principal: Chía (Cundinamarca) | F12: CUMPLE Domicilio principal: Bogotá D.C. | G12: CUMPLE Domicilio principal: Bogotá D.C. | H12: CUMPLE Domicilio principal: Bogotá D.C. | I12: CUMPLE Domicilio principal: Bogotá D.C. | J12: CUMPLE Domicilio principal: Chía (Cundinamarca) | K12: CUMPLE Domicilio principal: Bogotá D.C.
A13: B | B13: La vigencia de la persona jurídica nacional o extranjera no sea inferior a la del plazo del contrato y dos (2) años más. | C13: Duración: Indefinida | D13: N/A | E13: Duración: Indefinida | F13: Duración: Indefinida | G13: Duración: Indefinida | H13: Duración: Indefinida | I13: Duración: Indefinida | J13: Duración: Indefinida | K13: N/A
A14: B | B14: Objeto social: De la persona jurídica y/o natural y de cada uno de los miembros, debe permitir ejecutar las actividades descritas en el objeto del presente proceso de selección. "REALIZAR LA ADQUISICIÓN DE MOBILIARIO PARA LA DOTACIÓN DE SALONES COMUNALES DE LA LOCALIDAD DE SUBA" | C14: CUMPLE "Importar, exportar, fabricar, ensamblar, acondicionar, reempacar, almacenar, distribuir, dispensar, transportar, tramitar, intermediar, presentar, licenciar, promocionar, comercializar y vender al por mayor y al por menor, archivos, rodantes en todas las clases, mobiliario para oficinas, locales comerciales, muebles metálicos, estantería para supermercados, muebles para almacenar, exhibir, sentarse, decorar y soportar elaborados en cualquier material". | D14: N/A | E14: CUMPLE "La sociedad tendrá como objeto principal la prestación de servicios profesionales en asesoría, consultoría y suministros. Así mismo, podrá realizar cualquier otra actividad económica lícita tanto en Colombia como en el extranjero". | F14: CUMPLE "suministro de materiales, repuestos y accesorios para los bienes inmuebles y muebles (enseres y mobiliario)(…)productos e insumos de tipo industrial, automotriz, agrícola, electrónico, tecnológicos y/o de comunicaciones, computacional, papelería y suministro de elementos y equipos para oficina". | G14: CUMPLE "Así mismo, podrá realizar cualquier otra actividad económica lícita tanto en colombia como en el extranjero". | H14: CUMPLE "La sociedad puede realizar, en Colombia y en el exterior cualquier actividad lícita, comercial o civil relacionada con venta, mantenimiento e instalación de equipos audiovisuales, equipos electrónicos y de sistemas. Adicional a esto también realizara importación de artículos de tipo tecnológico, y suministro de bienes y servicios." | I14: CUMPLE "suministro de materiales, repuestos y accesorios para los bienes inmuebles y muebles (enseres y mobiliario)(…)Compra, venta, alquiler, almacenamiento, mantenimiento, comercialización, de toda clase de equipos, tecnologías, y sistemas de cómputo, servidores, hardware y software, equipos de comunicación, conmutación, procesamiento de datos". | J14: CUMPLE "la empresa podrá desarrollar cualquier actividad lícita para llevar a cabo el objeto de la sociedad". | K14: N/A
A15: B | B15: Tener debida representación de la persona jurídica en cuyo nombre actúa y facultades del representante legal. | C15: CUMPLE | D15: N/A | E15: CUMPLE | F15: CUMPLE | G15: CUMPLE | H15: CUMPLE | I15: CUMPLE | J15: CUMPLE | K15: N/A
A16: B | B16: PERSONAS EXTRANJERAS Las propuestas de personas jurídicas de origen extranjero se someterán en todo caso a la legislación colombiana | C16: N/A | D16: N/A | E16: N/A | F16: N/A | G16: N/A | H16: N/A | I16: N/A | J16: N/A | K16: N/A
A17: C | B17: ACTA DE AUTORIZACIÓN DE LA ASAMBLEA O JUNTA DE SOCIOS | C17: N/A | D17: N/A | E17: N/A | F17: N/A | G17: N/A | H17: N/A | I17: N/A | J17: N/A | K17: N/A
A18: E | B18: DOCUMENTO DE CONFORMACIÓN DEL CONSORCIO O UNIÓN TEMPORAL | C18: N/A | D18: N/A | E18: N/A | F18: N/A | G18: N/A | H18: N/A | I18: N/A | J18: N/A | K18: N/A
A19: D | B19: DOCUMENTO DE IDENTIDAD DEL REPRESENTANTE LEGAL O DEL APODERADO | C19: CUMPLE Cédula de LUISA FERNANDA SEPULVEDA CAPERA, identificada con documento 1.026.554.855, fecha de expedición 11/oct/2005 | D19: CUMPLE Cédula de EDITH NATALIA VASCO GALLEGO, identificada con documento 1.024.555.836, fecha de expedición 14/sep/2012 | E19: CUMPLE Cédula de HERNÁN EDUARDO BERMÚDEZ MENDIETA, identificado con documento 80.192.069, fecha de expedición 22/ene/2003 | F19: CUMPLE Cédula de DARVINSON CAMACHO PORRAS, identificado con documento 80.004.595, fecha de expedición 31/jul/1997 | G19: CUMPLE Cédula de ROBERT HENRY HOME BERNAL, identificado con documento 79.510.160, fecha de expedición 1/oct/1987 | H19: CUMPLE Cédula de CARLOS ANDRÉS FONTALVO SALAS, identificado con documento 1067722154, fecha de expedición 8/abr/2010 | I19: CUMPLE Cédula de CLAUDIA PATRICIA FRANCO ALGECIRA, identificada con documento 52447554, fecha de expedición 31/mar/1998 | J19: CUMPLE Cédula de Nohora Elizabeth Barreto Torres, identificada con documento 52792654, fecha de expedición 31/may/1999 | K19: CUMPLE Cédula de GLORIA ELIZABETH OSORIO BENAVIDES, identificada con documento 51937871, fecha de expedición 30/sep/1987
B20: LIBRETA MILITAR | C20: N/A | D20: N/A | E20: CUMPLE | F20: CUMPLE | G20: N/A | H20: CUMPLE | I20: N/A | J20: N/A | K20: N/A
A21: F | B21: Certificación de pagos al sistema general de seguridad social y aportes parafiscales | C21: CUMPLE Certificación expedida por ALBA LIZETH ARDILA QUIROGA en condición de Revisor Fiscal con tarjeta profesional T.P. 239609-T. | D21: CUMPLE Certificación expedida por EDITH NATALIA VASCO GALLEGO, identificada con documento 1.024.555.836 actuando en nombre propio | E21: CUMPLE Certificación expedida por HERNÁN EDUARDO BERMÚDEZ MENDIETA, identificado con documento 80.192.069 actuando como representante legal. | F21: NO CUMPLE La certificación allegada no es expedida por el Representante Legal de la sociedad, adicionalmente en el Certificado de Existencia y Representación Legal no se evidencia nombramiento de Revisor Fiscal. | G21: NO CUMPLE Aclarar numero de identificación de la revisora fiscal Ana Patricia Benjumea Narvaez quien suscribe la certificación de pagos y aportes parafiscales. | H21: CUMPLE Certificación expedida por Carlos Andrés Fontalvo Salas, identificado con documento 1067722154 actuando como representante legal. | I21: CUMPLE Certificación expedida por CLAUDIA PATRICIA FRANCO ALGECIRA, identificada con documento 52447554, actuando como representante legal. | J21: NO CUMPLE Certificación expedida por Nohora Elizabeth Barreto Torres, identificada con documento 52792654, actuando como representante legal. *La certificación no se encuentra firmada. | K21: NO CUMPLE *No aporta certificación de pago o aportes a seguridad social y parafiscales suscrita por contador.
A22: H | B22: Registro Único de Proponentes (RUP). Vigente y en firme. Fecha de expedición no superior a treinta (30) días calendarios anteriores a la fecha de cierre del proceso (9 noviembre 2024) | C22: CUMPLE Fecha de expedición: 6 de diciembre 2024 Fecha de renovación: 5 de marzo 2024 Codigo de verificación: B248110645AC3B | D22: CUMPLE Fecha de expedición: 9 de noviembre 2024 Fecha de inscripción: 21 de agosto 2024 Codigo de verificación: B24693234B8FE7 | E22: CUMPLE Fecha de expedición: 2 de diciembre 2024 Fecha de renovación: 22 de marzo 2024 Codigo de verificación: B2478360454DC3 | F22: CUMPLE Fecha de expedición: 2 de diciembre 2024 Fecha de renovación: 19 de marzo 2024 Codigo de verificación: B24788268E17C5 | G22: CUMPLE Fecha de expedición: 15 de noviembre 2024 Fecha de renovación: 9 de abril 2024 Codigo de verificación: B24716752DDC71 | H22: NO CUMPLE Fecha de expedición: 18 de octubre 2024 Fecha de renovación: 30 de abril 2024 Codigo de verificación: B2459546662C3D *Registro Unico de Proponentes con fecha de expedición superior a 30 días calendario. | I22: CUMPLE Fecha de expedición: 28 de noviembre 2024 Fecha de renovación: 13 de marzo 2024 Codigo de verificación: B247764955EDD5 | J22: CUMPLE Fecha de expedición: 5 de diciembre 2024 Fecha de renovación: 9 de febrero 2024 Codigo de verificación: B24809061B8F7C | K22: CUMPLE Fecha de expedición: 20 de noviembre 2024 Fecha de renovación: 21 de marzo 2024 Codigo de verificación: B24739375AA831
A23: H | B23: El proponente ha sido multado (5 o más) o sancionado por incumplimiento (2 contratos) durante una misma vigencia fiscal. | C23: CUMPLE No se evidencian multas en el RUP y se verifico en el RUES | D23: CUMPLE No se evidencian multas en el RUP y se verifico en el RUES | E23: CUMPLE No se evidencian multas en el RUP y se verifico en el RUES | F23: CUMPLE No se evidencian multas en el RUP y se verifico en el RUES | G23: CUMPLE No se evidencian multas en el RUP y se verifico en el RUES | H23: CUMPLE No se evidencian multas en el RUP y se verifico en el RUES | I23: CUMPLE No se evidencian multas en el RUP y se verifico en el RUES | J23: CUMPLE No se evidencian multas en el RUP y se verifico en el RUES | K23: CUMPLE No se evidencian multas en el RUP y se verifico en el RUES
A24: O | B24: CERTIFICACIÓN DE RESPONSABLES FISCALES, ANTECEDENTES DISCIPLINARIOS, ANTECEDENTES JUDICIALES, IMPOSICIÓN DE MULTAS POR AUTORIDADES DE POLICÍA Y MEDIDS CORRECTIVAS | C24: CUMPLE La entidad verificó los antecedentes fiscales, disciplinarios y judiciales, así como la imposición de multas en las bases de datos de las entidades respectivas. | D24: CUMPLE La entidad verificó los antecedentes fiscales, disciplinarios y judiciales, así como la imposición de multas en las bases de datos de las entidades respectivas. | E24: CUMPLE La entidad verificó los antecedentes fiscales, disciplinarios y judiciales, así como la imposición de multas en las bases de datos de las entidades respectivas. | F24: CUMPLE La entidad verificó los antecedentes fiscales, disciplinarios y judiciales, así como la imposición de multas en las bases de datos de las entidades respectivas. | G24: CUMPLE La entidad verificó los antecedentes fiscales, disciplinarios y judiciales, así como la imposición de multas en las bases de datos de las entidades respectivas. | H24: CUMPLE La entidad verificó los antecedentes fiscales, disciplinarios y judiciales, así como la imposición de multas en las bases de datos de las entidades respectivas. | I24: CUMPLE La entidad verificó los antecedentes fiscales, disciplinarios y judiciales, así como la imposición de multas en las bases de datos de las entidades respectivas. | J24: CUMPLE La entidad verificó los antecedentes fiscales, disciplinarios y judiciales, así como la imposición de multas en las bases de datos de las entidades respectivas. | K24: CUMPLE La entidad verificó los antecedentes fiscales, disciplinarios y judiciales, así como la imposición de multas en las bases de datos de las entidades respectivas.
A25: Q | B25: CERTIFICADO DE REGISTRO DE DEUDORES ALIMENTARIOS MOROSOS (REDAM) | C25: CUMPLE | D25: CUMPLE | E25: CUMPLE | F25: CUMPLE | G25: CUMPLE | H25: CUMPLE | I25: CUMPLE | J25: CUMPLE | K25: CUMPLE
B30: HABILITADO | C30: HABILITADO | D30: HABILITADO | E30: HABILITADO | I30: HABILITADO
B31: NO HABILITADO | F31: NO HABILITADO | G31: NO HABILITADO | H31: NO HABILITADO | J31: NO HABILITADO | K31: NO HABILITADO

Sheet SUBSANACIÓN
A1: INFORME DE EVALUACIÓN PRELIMINAR SELECCIÓN ABREVIADA DE MENOR CUANTIA FDLSSAMC-3-2024(118320) OBJETO: CONTRATAR EL SERVICIO DE CATERING Y REFRIGERIOS PARA LOS EVENTOS DE APOYO Y ACTIVIDADES MISIONALES QUE REQUIERA LA LOCALIDAD DE SUBA, DANDO CUMPLIMIENTO AL PLAN DE DESARROLLO LOCAL.
B2: NÚMERO PROPONENTE | C2: 1 | D2: 2 | E2: 3 | F2: 4 | G2: 5 | H2: 6 | I2: 7 | J2: 8 | K2: 9
A3: Literal | B3: NOMBRE PROPONENTE | C3: SOLUCIONES METALICAS EN ALMACENAMIENTO SAS | D3: EDITH NATALIA VASCO GALLEGO - ARCHIMUEBLES | E3: GRUPO EMPRESARIAL SACSU SAS | F3: COMPAÑIA MAYFER SB SAS | G3: C.I. WARRIORS COMPANY S.A.S | H3: GRUPO CAF TECNOLOGIA S.A.S | I3: INTEGRA DE COLOMBIA SAS | J3: COMERCIALIZADORA E&T SAS | K3: GLORIA ELIZABETH OSORIO BENAVIDES
B4: INTEGRANTES
B5: NIT | C5: 901.190.689-6 | E5: 901.362.156-1 | F5: 901114836-9 | G5: 900.916.649-6 | H5: 901.238.371-9 | I5: 901.341.884-5 | J5: 901.142.692-4 | K5: 51937871
B6: REPRESENTANTE LEGAL | C6: LUISA FERNANDA SEPÚLVEDA CAPERA | D6: EDITH NATALIA VASCO GALLEGO | E6: HERNÁN EDUARDO BERMÚDEZ MENDIETA | F6: DARVINSON CAMACHO PORRAS | G6: ROBERT HENRY HOME BERNAL | H6: CARLOS ANDRÉS FONTALVO SALAS | I6: CLAUDIA PATRICIA FRANCO ALGECIRA | J6: Nohora Elizabeth Barreto Torres
B7: C.C. | C7: 1026554855 | D7: 1024555836 | E7: 80192069 | F7: 80004595 | G7: 79510160 | H7: 1067722154 | I7: 52447554 | J7: 52792654
B8: LOTE AL QUE SE PRESENTA | C8: LOTE 1 | D8: LOTE 1 | E8: LOTE 1 | F8: LOTES 1 Y 2 | G8: LOTES 1 Y 2 | H8: LOTES 1 Y 2 | I8: LOTES 1 Y 2 | J8: LOTE 2 | K8: LOTE 1
A9: A | B9: El proponente deberá acreditar la Carta de Presentación de la propuesta; debidamente diligenciada y suscrita por el representante del proponente, indicando su nombre y documento de identidad, en el formato publicado. | C9: CUMPLE Aporta carta de presentación de la oferta suscrita por LUISA FERNANDA SEPULVEDA CAPERA, identificada con documento 1.026.554.855, en su condición de representante legal. | D9: CUMPLE Aporta carta de presentación de la oferta suscrita por EDITH NATALIA VASCO GALLEGO, identificada con documento 1.024.555.836, actuando en nombre propio. | E9: CUMPLE Aporta carta de presentación de la oferta suscrita por HERNÁN EDUARDO BERMÚDEZ MENDIETA, identificado con documento 80.192.069, actuando en su condición de representante legal. | F9: CUMPLE Aporta carta de presentación de la oferta suscrita por DARVINSON CAMACHO PORRAS, identificado con documento 80.004.595, actuando en su condición de representante legal. | G9: CUMPLE Aporta carta de presentación de la oferta suscrita por ROBERT HENRY HOME BERNAL, identificado con documento 79.510.160, actuando en su condición de representante legal. | H9: CUMPLE Aporta carta de presentación de la oferta suscrita por CARLOS ANDRÉS FONTALVO SALAS, identificado con documento 1067722154, actuando en su condición de representante legal. | I9: CUMPLE Aporta carta de presentación de la oferta suscrita por CLAUDIA PATRICIA FRANCO ALGECIRA, identificada con documento 52447554, actuando en su condición de representante legal. | J9: CUMPLE Aporta carta de presentación de la oferta suscrita por Nohora Elizabeth Barreto Torres, identificada con documento 52792654, actuando en su condición de representante legal. | K9: CUMPLE Aporta carta de presentación de la oferta suscrita por GLORIA ELIZABETH OSORIO BENAVIDES, identificada con documento 51.937.871, actuando en su condición de representante legal.
B10: Garantía de seriedad de la propuesta, por el 10% del presupuesto: LOTE 1: $14.183.333 LOTE 2: $2.824.198 LOTES 1 Y 2: $17.007.532 Vigencia minima: 10/12/2024 al 9/03/2025 Beneficiario: FONDO DE DESARROLLO LOCAL DE SUBA NIT: 899.999.061 | C10: CUMPLE NUMERO DE POLIZA: 11-44-101242957 FECHA DE EXPEDICION: 6 de diciembre 2024 FECHA DE VIGENCIA DESDE: 10 de diciembre 2024 HASTA: 15 de marzo 2025 VALOR : $14,183,333.70 ASEGURADORA: SEGUROS DEL ESTADO S.A. | D10: CUMPLE NUMERO DE POLIZA: 11-44-101242944 FECHA DE EXPEDICION: 6 de diciembre 2024 FECHA DE VIGENCIA DESDE: 10 de diciembre 2024 HASTA: 15 de marzo 2025 VALOR : $14,183,333.70 ASEGURADORA: SEGUROS DEL ESTADO S.A. | E10: CUMPLE NUMERO DE POLIZA: 11 44 101243104 FECHA DE EXPEDICION: 9 de diciembre 2024 FECHA DE VIGENCIA DESDE: 10 de diciembre 2024 HASTA: 25 de marzo 2025 VALOR : $14,183,333.70 ASEGURADORA: SEGUROS DEL ESTADO S.A. | F10: CUMPLE NUMERO DE POLIZA: 14-44-101225674 FECHA DE EXPEDICION: 9 de diciembre 2024 FECHA DE VIGENCIA DESDE: 10 de diciembre 2024 HASTA: 15 de marzo 2025 VALOR : $17.007.532 ASEGURADORA: SEGUROS DEL ESTADO S.A. | G10: CUMPLE NUMERO DE POLIZA: NB-100360727 FECHA DE EXPEDICION: 9 de diciembre 2024 FECHA DE VIGENCIA DESDE: 10 de diciembre 2024 HASTA: 20 de abril 2025 VALOR : $17.007.533 ASEGURADORA: COMPAÑÍA MUNDIAL DE SEGUROS S.A. | H10: CUMPLE NUMERO DE POLIZA: 21-44-101458974 FECHA DE EXPEDICION: 10 de diciembre 2024 FECHA DE VIGENCIA DESDE: 10 de diciembre 2024 HASTA: 31 de marzo 2025 VALOR : $17.007.532 ASEGURADORA: SEGUROS DEL ESTADO S.A. | I10: CUMPLE NUMERO DE POLIZA: NB-100360801 FECHA DE EXPEDICION: 10 de diciembre 2024 FECHA DE VIGENCIA DESDE: 10 de diciembre 2024 HASTA: 20 de marzo 2025 VALOR : $17.007.532 ASEGURADORA: COMPAÑÍA MUNDIAL DE SEGUROS S.A. | J10: CUMPLE NUMERO DE POLIZA: 14-44-101225744 FECHA DE EXPEDICION: 9 de diciembre 2024 FECHA DE VIGENCIA DESDE: 10 de diciembre 2024 HASTA: 5 de abril 2025 VALOR : $2.824.195 ASEGURADORA: SEGUROS DEL ESTADO S.A. | K10: CUMPLE NUMERO DE POLIZA: 14-44-101225759 FECHA DE EXPEDICION: 10 de diciembre 2024 FECHA DE VIGENCIA DESDE: 10 de diciembre 2024 HASTA: 10 de abril 2025 VALOR : $14.183.333 ASEGURADORA: SEGUROS DEL ESTADO S.A.
A11: B | B11: Certificado de Existencia y Representación Legal o Equivalente fecha de expedición no mayor a treinta (30) días calendario anterior a la fecha del cierre del proceso (9/11/2024) | C11: CUMPLE Fecha de expedición: 3 de noviembre de 2024 Fecha de renovación: 1 de abril de 2024 Codigo de verificación: B2475180294E75 | D11: CUMPLE Fecha de expedición: 9 de noviembre de 2024 Fecha de renovación: 31 de enero de 2024 Codigo de verificación: B2469323494CC2 | E11: CUMPLE Fecha de expedición: 2 de diciembre de 2024 Fecha de renovación: 13 de marzo de 2024 Codigo de verificación: B24783604E2904 | F11: CUMPLE Fecha de expedición: 2 de diciembre de 2024 Fecha de renovación: 7 de marzo de 2024 Codigo de verificación: B2478826830D8A | G11: CUMPLE Fecha de expedición: 12 de noviembre de 2024 Fecha de renovación: 2 de abril de 2024 Codigo de verificación: B24695754BCCC9 | H11: CUMPLE Fecha de expedición: 20 de noviembre de 2024 Fecha de renovación: 23 de marzo de 2024 Codigo de verificación: B2473993954688 | I11: CUMPLE Fecha de expedición: 28 de noviembre de 2024 Fecha de renovación: 26 de febrero de 2024 Codigo de verificación: B24776495AAEDF | J11: CUMPLE Fecha de expedición: 28 de noviembre de 2024 Fecha de renovación: 31 de enero de 2024 Codigo de verificación: B2477327356F6F | K11: CUMPLE Fecha de expedición: 2 de diciembre de 2024 Fecha de renovación: 11 de marzo de 2024 Codigo de verificación: B24787680636FF
B12: Domicilio principal en el Departamento de Cundinamarca | C12: CUMPLE Domicilio principal: Bogotá D.C. | D12: CUMPLE Domicilio principal: Bogotá D.C. | E12: CUMPLE Domicilio principal: Chía (Cundinamarca) | F12: CUMPLE Domicilio principal: Bogotá D.C. | G12: CUMPLE Domicilio principal: Bogotá D.C. | H12: CUMPLE Domicilio principal: Bogotá D.C. | I12: CUMPLE Domicilio principal: Bogotá D.C. | J12: CUMPLE Domicilio principal: Chía (Cundinamarca) | K12: CUMPLE Domicilio principal: Bogotá D.C.
A13: B | B13: La vigencia de la persona jurídica nacional o extranjera no sea inferior a la del plazo del contrato y dos (2) años más. | C13: Duración: Indefinida | D13: N/A | E13: Duración: Indefinida | F13: Duración: Indefinida | G13: Duración: Indefinida | H13: Duración: Indefinida | I13: Duración: Indefinida | J13: Duración: Indefinida | K13: N/A
A14: B | B14: Objeto social: De la persona jurídica y/o natural y de cada uno de los miembros, debe permitir ejecutar las actividades descritas en el objeto del presente proceso de selección. "REALIZAR LA ADQUISICIÓN DE MOBILIARIO PARA LA DOTACIÓN DE SALONES COMUNALES DE LA LOCALIDAD DE SUBA" | C14: CUMPLE "Importar, exportar, fabricar, ensamblar, acondicionar, reempacar, almacenar, distribuir, dispensar, transportar, tramitar, intermediar, presentar, licenciar, promocionar, comercializar y vender al por mayor y al por menor, archivos, rodantes en todas las clases, mobiliario para oficinas, locales comerciales, muebles metálicos, estantería para supermercados, muebles para almacenar, exhibir, sentarse, decorar y soportar elaborados en cualquier material". | D14: N/A | E14: CUMPLE "La sociedad tendrá como objeto principal la prestación de servicios profesionales en asesoría, consultoría y suministros. Así mismo, podrá realizar cualquier otra actividad económica lícita tanto en Colombia como en el extranjero". | F14: CUMPLE "suministro de materiales, repuestos y accesorios para los bienes inmuebles y muebles (enseres y mobiliario)(…)productos e insumos de tipo industrial, automotriz, agrícola, electrónico, tecnológicos y/o de comunicaciones, computacional, papelería y suministro de elementos y equipos para oficina". | G14: CUMPLE "Así mismo, podrá realizar cualquier otra actividad económica lícita tanto en colombia como en el extranjero". | H14: CUMPLE "La sociedad puede realizar, en Colombia y en el exterior cualquier actividad lícita, comercial o civil relacionada con venta, mantenimiento e instalación de equipos audiovisuales, equipos electrónicos y de sistemas. Adicional a esto también realizara importación de artículos de tipo tecnológico, y suministro de bienes y servicios." | I14: CUMPLE "suministro de materiales, repuestos y accesorios para los bienes inmuebles y muebles (enseres y mobiliario)(…)Compra, venta, alquiler, almacenamiento, mantenimiento, comercialización, de toda clase de equipos, tecnologías, y sistemas de cómputo, servidores, hardware y software, equipos de comunicación, conmutación, procesamiento de datos". | J14: CUMPLE "la empresa podrá desarrollar cualquier actividad lícita para llevar a cabo el objeto de la sociedad". | K14: N/A
A15: B | B15: Tener debida representación de la persona jurídica en cuyo nombre actúa y facultades del representante legal. | C15: CUMPLE | D15: N/A | E15: CUMPLE | F15: CUMPLE | G15: CUMPLE | H15: CUMPLE | I15: CUMPLE | J15: CUMPLE | K15: N/A
A16: B | B16: PERSONAS EXTRANJERAS Las propuestas de personas jurídicas de origen extranjero se someterán en todo caso a la legislación colombiana | C16: N/A | D16: N/A | E16: N/A | F16: N/A | G16: N/A | H16: N/A | I16: N/A | J16: N/A | K16: N/A
A17: C | B17: ACTA DE AUTORIZACIÓN DE LA ASAMBLEA O JUNTA DE SOCIOS | C17: N/A | D17: N/A | E17: N/A | F17: N/A | G17: N/A | H17: N/A | I17: N/A | J17: N/A | K17: N/A
A18: E | B18: DOCUMENTO DE CONFORMACIÓN DEL CONSORCIO O UNIÓN TEMPORAL | C18: N/A | D18: N/A | E18: N/A | F18: N/A | G18: N/A | H18: N/A | I18: N/A | J18: N/A | K18: N/A
A19: D | B19: DOCUMENTO DE IDENTIDAD DEL REPRESENTANTE LEGAL O DEL APODERADO | C19: CUMPLE Cédula de LUISA FERNANDA SEPULVEDA CAPERA, identificada con documento 1.026.554.855, fecha de expedición 11/oct/2005 | D19: CUMPLE Cédula de EDITH NATALIA VASCO GALLEGO, identificada con documento 1.024.555.836, fecha de expedición 14/sep/2012 | E19: CUMPLE Cédula de HERNÁN EDUARDO BERMÚDEZ MENDIETA, identificado con documento 80.192.069, fecha de expedición 22/ene/2003 | F19: CUMPLE Cédula de DARVINSON CAMACHO PORRAS, identificado con documento 80.004.595, fecha de expedición 31/jul/1997 | G19: CUMPLE Cédula de ROBERT HENRY HOME BERNAL, identificado con documento 79.510.160, fecha de expedición 1/oct/1987 | H19: CUMPLE Cédula de CARLOS ANDRÉS FONTALVO SALAS, identificado con documento 1067722154, fecha de expedición 8/abr/2010 | I19: CUMPLE Cédula de CLAUDIA PATRICIA FRANCO ALGECIRA, identificada con documento 52447554, fecha de expedición 31/mar/1998 | J19: CUMPLE Cédula de Nohora Elizabeth Barreto Torres, identificada con documento 52792654, fecha de expedición 31/may/1999 | K19: CUMPLE Cédula de GLORIA ELIZABETH OSORIO BENAVIDES, identificada con documento 51937871, fecha de expedición 30/sep/1987
B20: LIBRETA MILITAR | C20: N/A | D20: N/A | E20: CUMPLE | F20: CUMPLE | G20: N/A | H20: CUMPLE | I20: N/A | J20: N/A | K20: N/A
A21: F | B21: Certificación de pagos al sistema general de seguridad social y aportes parafiscales | C21: CUMPLE Certificación expedida por ALBA LIZETH ARDILA QUIROGA en condición de Revisor Fiscal con tarjeta profesional T.P. 239609-T. | D21: CUMPLE Certificación expedida por EDITH NATALIA VASCO GALLEGO, identificada con documento 1.024.555.836 actuando en nombre propio | E21: CUMPLE Certificación expedida por HERNÁN EDUARDO BERMÚDEZ MENDIETA, identificado con documento 80.192.069 actuando como representante legal. | F21: CUMPLE Certificación expedida por DARVINSON CAMACHO PORRAS, identificado con documento 80.004.595, actuando en su condición de representante legal. | G21: CUMPLE Certificación expedida por Ana Patricia Benjumea Narvaez con T.P. 117483-T, quien suscribe la certificación de pagos y aportes parafiscales en calidad de revisora fiscal. | H21: CUMPLE Certificación expedida por Carlos Andrés Fontalvo Salas, identificado con documento 1067722154 actuando como representante legal. | I21: CUMPLE Certificación expedida por CLAUDIA PATRICIA FRANCO ALGECIRA, identificada con documento 52447554, actuando como representante legal. | J21: CUMPLE Certificación expedida por Nohora Elizabeth Barreto Torres, identificada con documento 52792654, actuando como representante legal. | K21: CUMPLE Certificación expedida por GLORIA ELIZABETH OSORIO BENAVIDES, identificada con documento 51937871, actuando como representante legal y por Aranzazu Salazar Cardozo, con TP. 209799-T en calidad de contador público.
A22: H | B22: Registro Único de Proponentes (RUP). Vigente y en firme. Fecha de expedición no superior a treinta (30) días calendarios anteriores a la fecha de cierre del proceso (9 noviembre 2024) | C22: CUMPLE Fecha de expedición: 6 de diciembre 2024 Fecha de renovación: 5 de marzo 2024 Codigo de verificación: B248110645AC3B | D22: CUMPLE Fecha de expedición: 9 de noviembre 2024 Fecha de inscripción: 21 de agosto 2024 Codigo de verificación: B24693234B8FE7 | E22: CUMPLE Fecha de expedición: 2 de diciembre 2024 Fecha de renovación: 22 de marzo 2024 Codigo de verificación: B2478360454DC3 | F22: CUMPLE Fecha de expedición: 2 de diciembre 2024 Fecha de renovación: 19 de marzo 2024 Codigo de verificación: B24788268E17C5 | G22: CUMPLE Fecha de expedición: 15 de noviembre 2024 Fecha de renovación: 9 de abril 2024 Codigo de verificación: B24716752DDC71 | H22: CUMPLE Fecha de expedición: 18 de octubre 2024 Fecha de renovación: 30 de abril 2024 Codigo de verificación: B2459546662C3D | I22: CUMPLE Fecha de expedición: 28 de noviembre 2024 Fecha de renovación: 13 de marzo 2024 Codigo de verificación: B247764955EDD5 | J22: CUMPLE Fecha de expedición: 5 de diciembre 2024 Fecha de renovación: 9 de febrero 2024 Codigo de verificación: B24809061B8F7C | K22: CUMPLE Fecha de expedición: 20 de noviembre 2024 Fecha de renovación: 21 de marzo 2024 Codigo de verificación: B24739375AA831
A23: H | B23: El proponente ha sido multado (5 o más) o sancionado por incumplimiento (2 contratos) durante una misma vigencia fiscal. | C23: CUMPLE No se evidencian multas en el RUP y se verifico en el RUES | D23: CUMPLE No se evidencian multas en el RUP y se verifico en el RUES | E23: CUMPLE No se evidencian multas en el RUP y se verifico en el RUES | F23: CUMPLE No se evidencian multas en el RUP y se verifico en el RUES | G23: CUMPLE No se evidencian multas en el RUP y se verifico en el RUES | H23: CUMPLE No se evidencian multas en el RUP y se verifico en el RUES | I23: CUMPLE No se evidencian multas en el RUP y se verifico en el RUES | J23: CUMPLE No se evidencian multas en el RUP y se verifico en el RUES | K23: CUMPLE No se evidencian multas en el RUP y se verifico en el RUES
A24: O | B24: CERTIFICACIÓN DE RESPONSABLES FISCALES, ANTECEDENTES DISCIPLINARIOS, ANTECEDENTES JUDICIALES, IMPOSICIÓN DE MULTAS POR AUTORIDADES DE POLICÍA Y MEDIDS CORRECTIVAS | C24: CUMPLE La entidad verificó los antecedentes fiscales, disciplinarios y judiciales, así como la imposición de multas en las bases de datos de las entidades respectivas. | D24: CUMPLE La entidad verificó los antecedentes fiscales, disciplinarios y judiciales, así como la imposición de multas en las bases de datos de las entidades respectivas. | E24: CUMPLE La entidad verificó los antecedentes fiscales, disciplinarios y judiciales, así como la imposición de multas en las bases de datos de las entidades respectivas. | F24: CUMPLE La entidad verificó los antecedentes fiscales, disciplinarios y judiciales, así como la imposición de multas en las bases de datos de las entidades respectivas. | G24: CUMPLE La entidad verificó los antecedentes fiscales, disciplinarios y judiciales, así como la imposición de multas en las bases de datos de las entidades respectivas. | H24: CUMPLE La entidad verificó los antecedentes fiscales, disciplinarios y judiciales, así como la imposición de multas en las bases de datos de las entidades respectivas. | I24: CUMPLE La entidad verificó los antecedentes fiscales, disciplinarios y judiciales, así como la imposición de multas en las bases de datos de las entidades respectivas. | J24: CUMPLE La entidad verificó los antecedentes fiscales, disciplinarios y judiciales, así como la imposición de multas en las bases de datos de las entidades respectivas. | K24: CUMPLE La entidad verificó los antecedentes fiscales, disciplinarios y judiciales, así como la imposición de multas en las bases de datos de las entidades respectivas.
A25: Q | B25: CERTIFICADO DE REGISTRO DE DEUDORES ALIMENTARIOS MOROSOS (REDAM) | C25: CUMPLE | D25: CUMPLE | E25: CUMPLE | F25: CUMPLE | G25: CUMPLE | H25: CUMPLE | I25: CUMPLE | J25: CUMPLE | K25: CUMPLE
B30: HABILITADO | C30: HABILITADO | D30: HABILITADO | E30: HABILITADO | F30: HABILITADO | G30: HABILITADO | H30: HABILITADO | I30: HABILITADO | J30: HABILITADO | K30: HABILITADO
B31: NO HABILITADO

Sheet CONSOLIDADO JURIDICO
A2: CONSOLIDADO EVALUACIÓN JURÍDICA FDLS-SASI-009-2024 OBJETO: "REALIZAR LA ADQUISICIÓN DE MOBILIARIO Y ELEMENTOS TECNOLÓGICOS PARALA DOTACIÓN DE SALONES COMUNALES DE LA LOCALIDAD DE SUBA”.
A4: No. | B4: Proponente | C4: Evaluacion Juridica | D4: Observaciones
A5: ='EVALUACION JURIDICA'!C2 -> 1 | B5: ='EVALUACION JURIDICA'!C3 -> SOLUCIONES METALICAS EN ALMACENAMIENTO SAS | C5: ='EVALUACION JURIDICA'!C30 -> HABILITADO
A6: ='EVALUACION JURIDICA'!D2 -> 2 | B6: ='EVALUACION JURIDICA'!D3 -> EDITH NATALIA VASCO GALLEGO - ARCHIMUEBLES | C6: HABILITADO
A7: ='EVALUACION JURIDICA'!E2 -> 3 | B7: ='EVALUACION JURIDICA'!E3 -> GRUPO EMPRESARIAL SACSU SAS | C7: HABILITADO
A8: ='EVALUACION JURIDICA'!F2 -> 4 | B8: ='EVALUACION JURIDICA'!F3 -> COMPAÑIA MAYFER SB SAS | C8: HABILITADO | D8: *Subsanó certificación de pagos y aportes a la seguridad social y parafiscales.
A9: ='EVALUACION JURIDICA'!G2 -> 5 | B9: ='EVALUACION JURIDICA'!G3 -> C.I. WARRIORS COMPANY S.A.S | C9: HABILITADO | D9: *Subsanó numero de identificación de la revisora fiscal Ana Patricia Benjumea Narvaez quien suscribe la certificación de pagos y aportes parafiscales.
A10: ='EVALUACION JURIDICA'!H2 -> 6 | B10: ='EVALUACION JURIDICA'!H3 -> GRUPO CAF TECNOLOGIA S.A.S | C10: HABILITADO | D10: *Subsanó el tiempo de validez de la oferta. *Subsanó los amparos solicitados en la garantía de seriedad. *Subsanó Registro Unico de Proponentes.
A11: ='EVALUACION JURIDICA'!I2 -> 7 | B11: ='EVALUACION JURIDICA'!I3 -> INTEGRA DE COLOMBIA SAS | C11: HABILITADO
A12: ='EVALUACION JURIDICA'!J2 -> 8 | B12: ='EVALUACION JURIDICA'!J3 -> COMERCIALIZADORA E&T SAS | C12: HABILITADO | D12: *Subsanó la certificación de pagos y aportes a la seguridad social y parafiscales.
A13: =9 -> 9 | B13: ='EVALUACION JURIDICA'!K3 -> GLORIA ELIZABETH OSORIO BENAVIDES | C13: HABILITADO | D13: *Subsanó carta de presentación de la propuesta *Subsanó certificación de pago o aportes a seguridad social y parafiscales.
B14: Evaluador juridico | D14: SOFIA GUARNIZO

Sheet CONSOLIDADO TOTAL
A2: CONSOLIDADO EVALUACIÓN JURÍDICA FDLS-SASI-009-2024 OBJETO: "REALIZAR LA ADQUISICIÓN DE MOBILIARIO Y ELEMENTOS TECNOLÓGICOS PARALA DOTACIÓN DE SALONES COMUNALES DE LA LOCALIDAD DE SUBA”.
A4: No. | B4: Proponente | C4: Evaluación Jurídica | D4: Evaluación Financiera | E4: Evaluación Técnica LOTE 1 | F4: Evaluación Técnica LOTE 2
A5: ='EVALUACION JURIDICA'!C2 -> 1 | B5: ='EVALUACION JURIDICA'!C3 -> SOLUCIONES METALICAS EN ALMACENAMIENTO SAS | C5: ='CONSOLIDADO JURIDICO'!C5 -> HABILITADO | D5: HABILITADO | E5: HABILITADO | F5: N/A
A6: ='EVALUACION JURIDICA'!D2 -> 2 | B6: ='EVALUACION JURIDICA'!D3 -> EDITH NATALIA VASCO GALLEGO - ARCHIMUEBLES | C6: ='CONSOLIDADO JURIDICO'!C6 -> HABILITADO | D6: HABILITADO | E6: HABILITADO | F6: N/A
A7: ='EVALUACION JURIDICA'!E2 -> 3 | B7: ='EVALUACION JURIDICA'!E3 -> GRUPO EMPRESARIAL SACSU SAS | C7: ='CONSOLIDADO JURIDICO'!C7 -> HABILITADO | D7: HABILITADO | E7: HABILITADO | F7: N/A
A8: ='EVALUACION JURIDICA'!F2 -> 4 | B8: ='EVALUACION JURIDICA'!F3 -> COMPAÑIA MAYFER SB SAS | C8: ='CONSOLIDADO JURIDICO'!C8 -> HABILITADO | D8: HABILITADO | E8: HABILITADO | F8: HABILITADO
A9: ='EVALUACION JURIDICA'!G2 -> 5 | B9: ='EVALUACION JURIDICA'!G3 -> C.I. WARRIORS COMPANY S.A.S | C9: ='CONSOLIDADO JURIDICO'!C9 -> HABILITADO | D9: HABILITADO | E9: HABILITADO | F9: HABILITADO
A10: ='CONSOLIDADO JURIDICO'!A10 -> 6 | B10: ='CONSOLIDADO JURIDICO'!B10 -> GRUPO CAF TECNOLOGIA S.A.S | C10: ='CONSOLIDADO JURIDICO'!C10 -> HABILITADO | D10: HABILITADO | E10: N/A | F10: HABILITADO
A11: ='CONSOLIDADO JURIDICO'!A11 -> 7 | B11: ='CONSOLIDADO JURIDICO'!B11 -> INTEGRA DE COLOMBIA SAS | C11: HABILITADO | D11: HABILITADO | E11: HABILITADO | F11: HABILITADO
A12: ='CONSOLIDADO JURIDICO'!A12 -> 8 | B12: ='CONSOLIDADO JURIDICO'!B12 -> COMERCIALIZADORA E&T SAS | C12: ='CONSOLIDADO JURIDICO'!C12 -> HABILITADO | D12: HABILITADO | E12: N/A | F12: HABILITADO
A13: ='CONSOLIDADO JURIDICO'!A13 -> 9 | B13: ='CONSOLIDADO JURIDICO'!B13 -> GLORIA ELIZABETH OSORIO BENAVIDES | C13: HABILITADO | D13: HABILITADO | E13: HABILITADO | F13: N/A

Sheet LISTA PARTICIPANTES SUBASTA
A2: CONSOLIDADO EVALUACIÓN JURÍDICA FDLS-SASI-009-2024 OBJETO: "REALIZAR LA ADQUISICIÓN DE MOBILIARIO Y ELEMENTOS TECNOLÓGICOS PARALA DOTACIÓN DE SALONES COMUNALES DE LA LOCALIDAD DE SUBA”.
A4: No. | B4: Proponente | C4: LOTE EN EL QUE PARTICIPARÁ
A5: ='EVALUACION JURIDICA'!C2 -> 1 | B5: ='EVALUACION JURIDICA'!C3 -> SOLUCIONES METALICAS EN ALMACENAMIENTO SAS | C5: LOTE 1
A6: ='EVALUACION JURIDICA'!D2 -> 2 | B6: ='EVALUACION JURIDICA'!D3 -> EDITH NATALIA VASCO GALLEGO - ARCHIMUEBLES | C6: LOTE 1
A7: ='EVALUACION JURIDICA'!E2 -> 3 | B7: ='EVALUACION JURIDICA'!E3 -> GRUPO EMPRESARIAL SACSU SAS | C7: LOTE 1
A8: ='EVALUACION JURIDICA'!F2 -> 4 | B8: ='EVALUACION JURIDICA'!F3 -> COMPAÑIA MAYFER SB SAS | C8: LOTE 1 Y LOTE 2
A9: ='EVALUACION JURIDICA'!G2 -> 5 | B9: ='EVALUACION JURIDICA'!G3 -> C.I. WARRIORS COMPANY S.A.S | C9: LOTE 1 Y LOTE 2
A10: ='CONSOLIDADO JURIDICO'!A10 -> 6 | B10: ='CONSOLIDADO JURIDICO'!B10 -> GRUPO CAF TECNOLOGIA S.A.S | C10: LOTE 2
A11: ='CONSOLIDADO JURIDICO'!A11 -> 7 | B11: ='CONSOLIDADO JURIDICO'!B11 -> INTEGRA DE COLOMBIA SAS | C11: LOTE 1 Y LOTE 2
A12: ='CONSOLIDADO JURIDICO'!A12 -> 8 | B12: ='CONSOLIDADO JURIDICO'!B12 -> COMERCIALIZADORA E&T SAS | C12: LOTE 2
A13: ='CONSOLIDADO JURIDICO'!A13 -> 9 | B13: ='CONSOLIDADO JURIDICO'!B13 -> GLORIA ELIZABETH OSORIO BENAVIDES | C13: LOTE 1
